 Dungeon Crawl Stone Soup version 0.27.1-33-g824d729ab1 (webtiles) character file.

Game seed: 5788751599304494914

121 sking99 the Ruffian (level 4, 0/37 HPs)
             Began as a Minotaur Transmuter on Dec 8, 2021.
             Slain by an orc (3 damage)
             ... on level 4 of the Dungeon.
             The game lasted 00:05:15 (2695 turns).

sking99 the Ruffian (Minotaur Transmuter)           Turns: 2695, Time: 00:05:16

Health: 0/37       AC:  2    Str: 16    XL:     4   Next: 77%
Magic:  5/5        EV: 12    Int: 10    God:
Gold:   127        SH:  0    Dex: 10    Spells: 4/5 levels left

rFire    . . .     SeeInvis .     - Unarmed
rCold    . . .     Faith    .   (no shield)
rNeg     . . .     Spirit   .   a - +0 robe
rPois    .         Reflect  .   (helmet restricted)
rElec    .         Harm     .   (no cloak)
rCorr    .         Rampage  .   (no gloves)
Will     .....                  (no boots)
Stlth    +.........             (no amulet)
HPRegen  0.12/turn              (no ring)
MPRegen  0.09/turn              (no ring)

@: no status effects
A: horns 2, retaliatory headbutt
a: no special abilities


You were on level 4 of the Dungeon.
You visited 1 branch of the dungeon, and saw 4 of its levels.

You collected 127 gold pieces.

Inventory:

Armour
 a - a +0 robe (worn)
Wands
 e - a wand of flame (16)
Scrolls
 f - a scroll of vulnerability {unknown}
 g - a scroll of magic mapping {unknown}
 h - a scroll of amnesia {unknown}
 i - a scroll of acquirement {unknown}
 j - a scroll of summoning {unknown}
 k - a scroll of blinking {unknown}
Potions
 b - a potion of brilliance {unknown}
 c - a potion of attraction {unknown}
 d - 2 potions of heal wounds {unknown}


   Skills:
 + Level 2.9 Fighting
 + Level 3.3 Dodging
 * Level 4.9 Unarmed Combat
 - Level 1.3 Spellcasting
 - Level 1.5 Transmutations


You had 4 spell levels left.
You knew the following spells:

 Your Spells              Type           Power      Damage    Failure   Level
a - Beastly Appendage     Tmut           6%         N/A       19%         1

Your spell library contained the following spells:

 Spells                   Type           Power      Damage    Failure   Level
 Wereblood                Tmut           3%         N/A       26%         2
 Magic Dart               Conj           0%         1d3       32%         1
 Searing Ray              Conj           0%         3d3       45%         2
 Spider Form              Tmut/Pois      1%         N/A       58%         3
 Ice Form                 Ice/Tmut       2%         N/A       94%         4
 Fulminant Prism          Conj/Hex       0%         3d6       97%         4


Dungeon Overview and Level Annotations

Branches:
Dungeon (4/15)
 Temple: D:4-7

Altars:


Innate Abilities, Weirdness & Mutations

You have a pair of horns on your head.
You reflexively headbutt those who attack you in melee.


Message History

There is an open door here.
The jackal bites you.
* * * LOW HITPOINT WARNING * * *
The jackal barely misses you. The jackal misses you.
The jackal closely misses you. The jackal bites you.
* * * LOW HITPOINT WARNING * * *
You see here a +0 club.
The jackal bites you.
* * * LOW HITPOINT WARNING * * *
The jackal bites you.
* * * LOW HITPOINT WARNING * * *
An orc comes into view. It is wielding a +0 short sword.
An orc comes into view. It is wielding a +0 whip.
The jackal bites you but does no damage.
The jackal barely misses you. You furiously retaliate!
You headbutt the jackal.
An orc comes into view. It is wielding a +0 morningstar.
You barely miss the orc.
The orc shouts!
You headbutt the orc.
The orc is almost dead.
The jackal bites you but does no damage.
The jackal misses you. x3; You furiously retaliate!
You headbutt the jackal.
You kill the jackal!
You hit the orc.
You kill the orc!
The jackal bites you.
* * * LOW HITPOINT WARNING * * *
Unknown command.
The orc closely misses you. The orc hits you with a +0 whip.
* * * LOW HITPOINT WARNING * * *
The jackal closely misses you. You furiously retaliate!
You headbutt the jackal!
You kill the jackal!
You hit the orc.
The orc is lightly wounded.
The orc hits you with a +0 morningstar.
You die...

#.# #.# #.# #+# ####.#
.# #.# #.O.h. #.# #.#
#.####
##.########.######## #.#
# #........#...#.....#
#.# #
#..##.##.o@†O†.....###.#
#
#.........o).......)...#
#
#.###.##.##.##.....#####
# #<..†....#####.....# #
########## ####### #


You could see an ogre and 2 orcs.

Vanquished Creatures
  Jessica (D:2)
  Robin (D:2)
  An adder (D:3)
  2 worms
  A dart slug (D:2)
  3 orcs
  7 ball pythons
  8 bats
  4 endoplasms
  3 giant cockroaches
  10 goblins
  5 hobgoblins
  4 jackals (D:4)
  A quokka (D:1)
  4 frilled lizards
  A kobold (D:2)
  7 rats
63 creatures vanquished.

Notes
Turn   | Place    | Note
-------+----------+-------------------------------------------
     0 | D:1      | sking99 the Minotaur Transmuter began the quest for the
                  | Orb.
     0 | D:1      | Reached XP level 1. HP: 16/16 MP: 1/1
   297 | D:1      | Reached XP level 2. HP: 22/23 MP: 3/3
   412 | D:1      | You fall into a shaft and drop 1 floor!
   417 | D:2      | Noticed Jessica
   441 | D:2      | Killed Jessica
   442 | D:2      | Reached skill level 4 in Unarmed Combat
   442 | D:2      | Reached XP level 3. HP: 29/29 MP: 4/4
   453 | D:2      | Noticed Robin
   471 | D:2      | Killed Robin
   883 | D:2      | Reached XP level 4. HP: 37/37 MP: 5/5
  1252 | D:1      | Found a faded altar of an unknown god.
  2609 | D:4      | Noticed an ogre
  2695 | D:4      | Slain by an orc

Illustrated notes

Levels and vault maps discovered:
D:1:      ncdulo_watergridlock, layout_basic,
          shapermc_ecumenical_altar_mp_ritualfount, serial_bayou_pond_d
D:2:      layout_basic, uniq_robin, uniq_jessica
D:3:      layout_rooms, minmay_fractal_squares_gapless_5
D:4:      layout_loops_corners, vehumet_statue, minmay_temple_entry_sparse_star,
          uniq_blork_the_orc

Skill      XL: |  1  2  3 |
---------------+----------+-----
Fighting       | 2 |  2.9
Unarmed Combat | 4 |  4.9
Dodging        | 3 |  3.3
Spellcasting   | |  1.3
Transmutations | |  1.5

Action                   |  1- 3 |  4- 6 || total
-------------------------+-------+-------++-------
Melee: Unarmed           |    67 |    66 ||   133
       Headbutt          |     6 |     9 ||    15
       Kick              |     4 |       ||     4
       Punch             |       |     2 ||     2
 Cast: Beastly Appendage |     2 |     2 ||     4
 Stab: Sleeping          |     2 |       ||     2
       Distracted        |       |     1 ||     1
Armor: Robe              |    12 |    14 ||    26
Dodge: Dodged            |    39 |    40 ||    79
